 Dungeon Crawl Stone Soup version 0.25-a0-631-gc915619 (webtiles) character file.

Game seed: 14586041333793153760, levelgen mode: deterministic

436 thergud the Shield-Bearer (level 7, -3/66 HPs)
             Began as a Gargoyle Fighter on Mar 17, 2020.
             Was a Believer of Trog.
             Slain by a bullfrog (4 damage)
             ... on level 8 of the Dungeon on Mar 18, 2020.
             The game lasted 00:07:26 (3350 turns).

thergud the Shield-Bearer (Gargoyle Fighter)        Turns: 3350, Time: 00:07:26

Health: -3/66      AC: 14    Str: 22    XL:     7   Next: 1%
Magic:  7/7        EV:  7    Int:  8    God:    Trog [**....]
Gold:   179        SH: 11    Dex:  9    Spells: 6/6 levels left

rFire    . . .     SeeInvis .   a - +0 flail
rCold    . . .     Gourm    .   c - +1 kite shield
rNeg     + . .     Faith    .   b - +0 scale mail
rPois    ∞         Spirit   .   h - +0 helmet
rElec    +         Reflect  .   (no cloak)
rCorr    .         Harm     .   n - +0 pair of gloves
MR       .....                  (no boots)
Stlth    ..........             (no amulet)
HPRegen  0.21/turn              (no ring)
MPRegen  0.10/turn              (no ring)

@: berserking (expiring), starving, very quick
A: negative energy resistance 1, electricity resistance, unbreathing,
petrification resistance, rot immunity, AC +4
a: Berserk, Trog's Hand, Renounce Religion


You were on level 8 of the Dungeon.
You worshipped Trog.
Trog was pleased with you.
You were starving.

You visited 1 branch of the dungeon, and saw 6 of its levels.

You collected 179 gold pieces.

Inventory:

Hand Weapons
 a - a +0 flail (weapon)
Armour
 b - a +0 scale mail (worn)
 c - a +1 kite shield (worn)
 h - a +0 helmet (worn)
 n - a +0 pair of gloves (worn)
Scrolls
 k - a scroll of identify
 l - 10 scrolls of remove curse
 m - a scroll of magic mapping
Potions
 d - a potion of might
 e - 2 potions of curing
 i - a potion of invisibility
Comestibles
 f - 10 rations


   Skills:
 + Level 4.5 Fighting
 + Level 5.0 Maces & Flails
 + Level 4.4 Armour
 + Level 5.0 Shields


You had 6 spell levels left.
You didn't know any spells.
Your spell library was empty.

Dungeon Overview and Level Annotations

Branches:
Dungeon (5/15)
 Temple: D:4-7

Altars:
Trog

Shops:
D:4 [


Innate Abilities, Weirdness & Mutations

You are resistant to torment.
Your stone body is resilient. (AC +4)
You are immune to poison.
You resist negative energy. (rN+)
You are resistant to electric shocks. (rElec)
You can survive without breathing.
You are immune to petrification.
You are immune to rotting.


Message History

You block the wyvern's attack. You block the orc wizard's attack.
You block the bullfrog's attack. The orc hits you but does no damage.
Your shield and scale mail prevent you from hitting the wyvern.
The wyvern is heavily wounded.
The wyvern barely misses you.
The bullfrog hits you but does no damage.
You block the orc wizard's attack.
The wyvern bites you but does no damage.
Unknown command.
You closely miss the wyvern.
The wyvern is heavily wounded.
You block the bullfrog's attack. The wyvern bites you.
* * * LOW HITPOINT WARNING * * *
The orc wizard casts a spell at you. The puff of frost hits you!
* * * LOW HITPOINT WARNING * * *
You barely miss the wyvern.
The wyvern is heavily wounded.
The bullfrog hits you.
You die...

#######
#.l@o.#
#..Foo..#
#.....oo..#
#.........#
#.........#
...........#
###.........#
##.......##


You could see a wyvern, a bullfrog, an orc priest, 2 orc wizards and 2 orcs.

Vanquished Creatures
  A bullfrog (D:5)
  A scorpion (D:5)
  A bullfrog skeleton (D:4)
  A centaur skeleton (D:4)
  4 worker ants (D:4)
  4 gnolls (D:4)
  4 adders
  2 dart slugs
  3 worms
  2 leopard geckos (D:4)
  9 orcs
  4 bats
  7 giant cockroaches
  4 goblins
  9 hobgoblins
  7 jackals
  3 quokkas
  A ball python (D:2)
  6 frilled lizards
  6 kobolds
  4 rats
83 creatures vanquished.

Notes
Turn   | Place    | Note
-------+----------+-------------------------------------------
     0 | D:1      | thergud the Gargoyle Fighter began the quest for the Orb.
     0 | D:1      | Reached XP level 1. HP: 14/14 MP: 1/1
    42 | D:1      | Reached XP level 2. HP: 16/19 MP: 2/2
   264 | D:1      | Upgraded the game from 0.25-a0-614-g73ad250 to
                  | 0.25-a0-631-gc915619
   593 | D:2      | Reached XP level 3. HP: 24/24 MP: 3/3
  1401 | D:3      | Found a faded altar of an unknown god.
  1571 | D:3      | Became a worshipper of Trog the Wrathful
  1571 | D:3      | Reached * piety under Trog
  1664 | D:3      | Reached XP level 4. HP: 23/29 MP: 4/4
  2158 | D:4      | Reached XP level 5. HP: 31/33 MP: 5/5
  2177 | D:4      | Reached ** piety under Trog
  2829 | D:4      | Reached XP level 6. HP: 38/38 MP: 6/6
  3084 | D:4      | Found Viowaoc's Antique Armour Shoppe.
  3310 | D:5      | Entered Level 5 of the Dungeon
  3334 | D:5      | Reached skill level 5 in Maces & Flails
  3334 | D:5      | Reached skill level 5 in Shields
  3334 | D:5      | Reached XP level 7. HP: 40/44 MP: 7/7
  3337 | D:5      | You fall into a shaft and drop 3 floors!
  3339 | D:8      | Noticed a wyvern
  3349 | D:8      | HP: 1/66 [orc wizard/puff of frost (9)]
  3350 | D:8      | Slain by a bullfrog

Levels and vault maps discovered:
D:1:      scummos_arrival_forest, layout_basic, chequers_decorated_corner
D:2:      layout_loops_ring
D:3:      layout_loops_cross, first_ration, chequers_ecumenical_altar_lobes
D:4:      layout_basic, serial_shops, shop
D:5:      layout_rooms, serial_aquarium, aquarium_bridge_square
          [aquarium_subvault_wall, aquarium_subvault_bridge,
          aquarium_subvault_balcony, aquarium_subvault_balcony],
          aquarium_window_corridor_1, aquarium_window_fake, aquarium_view_2d,
          aquarium_view_2a, aquarium_balcony_3b, aquarium_pool_2,
          minmay_manual_mandibuliform
D:8:      layout_rooms, eat_drink_and_be_merry_uskayaw, serial_shops,
          nicolae_shop_behind_doors, grunt_ogre_cave, uniq_harold

Skill      XL: |  1  2  3  4  5  6 |
---------------+-------------------+-----
Maces & Flails | 3 4 5 |  5.0
Fighting       | 4 |  4.5
Shields        | 4 5 |  5.0
Armour         | 4 |  4.4

Action                   |  1- 3 |  4- 6 |  7- 9 || total
-------------------------+-------+-------+-------++-------
Melee: Flail             |   149 |   180 |    11 ||   340
Invok: Berserk           |       |       |     1 ||     1
  Use: Scroll            |     7 |     2 |       ||     9
       Potion            |     5 |     1 |       ||     6
  Eat: Chunk             |     2 |     5 |       ||     7
Armor: Scale mail        |    65 |    84 |     9 ||   158
Dodge: Dodged            |    51 |    52 |     4 ||   107
Block: Kite shield       |    61 |   110 |    10 ||   181

Table legend:
 A = Non-vault XP
 B = Vault XP
 C = Vault XP percentage of total XP
 D = Non-vault monster count
 E = Vault monster count
 F = Vault count percentage of total count
                 A         B        C        D         E       F
            +---------+---------+-------+---------+---------+-------
      Total |     623 |       0 |   0.0 |      83 |       0 |   0.0
            +---------+---------+-------+---------+---------+-------
        D:1 |      29 |       0 |   0.0 |      16 |       0 |   0.0
        D:2 |      32 |       0 |   0.0 |      15 |       0 |   0.0
        D:3 |      81 |       0 |   0.0 |      30 |       0 |   0.0
        D:4 |     316 |       0 |   0.0 |      19 |       0 |   0.0
        D:5 |     165 |       0 |   0.0 |       3 |       0 |   0.0
            +---------+---------+-------+---------+---------+-------
